 Dungeon Crawl Stone Soup version 0.30-a0-867-g305f33218d (webtiles) character file.

Game seed: 12942377635055849851

58 dolemite99 the Grave Robber (level 4, -3/32 HPs)
             Began as a Gnoll Necromancer on Mar 11, 2023.
             Slain by Sigmund
             ... wielding a +0 scythe
              (11 damage)
             ... on level 2 of the Dungeon.
             The game lasted 00:02:40 (2671 turns).

dolemite99 the Grave Robber (Gnoll Necromancer)     Turns: 2671, Time: 00:02:40

Health: -3/32      AC:  2    Str:  7    XL:     4   Next: 2%
Magic:  11/11      EV: 13    Int: 16    God:
Gold:   95         SH:  0    Dex: 13    Spells: 9/13 levels left

rFire   . . .      SeeInvis .    m - staff of cold
rCold   + . .      Faith    .    (no shield)
rNeg    . . .      Spirit   .    a - +0 robe
rPois   .          Reflect  .    (no helmet)
rElec   .          Rampage  .    (no cloak)
rCorr   .                        (no gloves)
Will    .....                    (no boots)
Stlth   +++                      (no amulet)
HPRegen 0.25/turn                (no ring)
MPRegen 0.12/turn                (no ring)

@: no status effects
A: fangs 1, strong nose, distributed training
a: no special abilities


You were on level 2 of the Dungeon.
You visited 1 branch of the dungeon, and saw 2 of its levels.

You collected 95 gold pieces.

Inventory:

Hand Weapons
 p - a +0 sling
Armour
 a - a +0 robe (worn)
 c - a +0 kite shield
Magical Staves
 m - a staff of cold (weapon)
Scrolls
 d - a scroll of magic mapping {unknown}
 e - a scroll of summoning {unknown}
 g - 2 scrolls of fear {unknown}
 h - a scroll of amnesia {unknown}
 i - a scroll of vulnerability {unknown}
 j - 3 scrolls of identify {unknown}
 l - 3 scrolls of teleportation {unknown}
 q - a scroll of blinking {unknown}
Potions
 f - 2 potions of heal wounds {unknown}
 k - a potion of curing {unknown}
 n - a potion of brilliance {unknown}
 o - a potion of mutation {unknown}
 r - a potion of might {unknown}


   Skills:
 + Level 1.0 Fighting
 + Level 1.0 Short Blades
 + Level 1.0 Long Blades
 + Level 1.0 Axes
 + Level 1.0 Maces & Flails
 + Level 1.0 Polearms
 + Level 1.0 Staves
 + Level 1.0 Ranged Weapons
 + Level 1.0 Throwing
 + Level 1.0 Armour
 + Level 4.6 Dodging
 + Level 4.2 Stealth
 + Level 1.0 Shields
 + Level 1.0 Unarmed Combat
 + Level 5.0 Spellcasting
 + Level 0.8 Conjurations
 + Level 0.8 Hexes
 + Level 0.8 Summonings
 + Level 7.1 Necromancy
 + Level 0.8 Translocations
 + Level 0.8 Transmutations
 + Level 0.8 Fire Magic
 + Level 0.8 Ice Magic
 + Level 0.8 Air Magic
 + Level 0.8 Earth Magic
 + Level 0.8 Poison Magic
 + Level 1.1 Invocations
 + Level 1.0 Evocations


You had 9 spell levels left.
You knew the following spells:

 Your Spells              Type           Power      Damage    Failure   Level
a - Necrotise             Necr           100%       1d9       1%          1
b - Vampiric Draining     Necr           26%        2d7       2%          3

Your spell library contained the following spells:

 Spells                   Type           Power      Damage    Failure   Level
 Animate Dead             Necr           26%        N/A       9%          4
 Slow                     Hex            24%        N/A       11%         1
 Agony                    Necr           26%        N/A       22%         5


Dungeon Overview and Level Annotations

Branches:
Dungeon (2/15)

Altars:

Annotations:
D:2 Sigmund


Innate Abilities, Weirdness & Mutations

You have very sharp teeth.
Your uncanny sense of smell can sniff out nearby items.
Your experience applies equally to all skills.


Message History

You kill the ball python!
The dead are slithering!
You have reached level 4!
You feel agile. The goblin hits you with a +0 dagger.
Casting: Necrotise (safe; 1% risk of failure)
Confirm with . or Enter, or press ? or * to list all spells.
Aiming: Vampiric Draining (dangerous; 2% risk of failure)
Press: ? - help, Shift-Dir - straight line, f - goblin
Aim: a goblin, wielding a +0 dagger (ally target)
You draw life force from the goblin.
You kill the goblin!
You feel life coursing into your body. Something hits you!
You swap places.
Something hits your ball python skeleton!
Your ball python skeleton is destroyed!
You start resting.
Something hits you!
* * * LOW HITPOINT WARNING * * *
There is a strange disturbance nearby!
There is a strange disturbance nearby!
Casting: Vampiric Draining (dangerous; 2% risk of failure)
Confirm with . or Enter, or press ? or * to list all spells.
Aiming: Vampiric Draining (dangerous; 2% risk of failure)
Press: ? - help, Shift-Dir - straight line You draw life force from something.
You feel life coursing into your body. Something hits you.
Casting: Vampiric Draining (dangerous; 2% risk of failure)
Confirm with . or Enter, or press ? or * to list all spells.
Aiming: Vampiric Draining (dangerous; 2% risk of failure)
Press: ? - help, Shift-Dir - straight line You draw life force from something!
You feel life coursing into your body.
Casting: Vampiric Draining (dangerous; 2% risk of failure)
Confirm with . or Enter, or press ? or * to list all spells.
You don't have enough magic to cast this spell.
You miss something. Something hits you!
* * * LOW HITPOINT WARNING * * *
Unknown command.
Magic courses through your body. Something hits you!
You die...

#...## ##....## #.#
#....## #.....# #.#
#..#..###....)# #)#
..#.........### #.#
....######..# #.#
..#######...#### #.#
..# #..........###.#
#.###.......##..##.#
................@#.##
#..........>###..{..#
..###.......# ##.#..#
################....#
........)...........#
#####################
#


There were no monsters in sight!

Vanquished Creatures
  3 dart slugs
  5 orcs
  2 endoplasms
  4 giant cockroaches
  3 goblins (D:2)
  5 hobgoblins
  3 jackals
  A quokka (D:1)
  A ball python (D:2)
  3 frilled lizards
  5 kobolds (D:1)
  5 rats
40 creatures vanquished.

Vanquished Creatures (collateral kills)
  A dart slug (D:2)
  An endoplasm (D:2)
2 creatures vanquished.

Grand Total: 42 creatures vanquished

Notes
Turn   | Place    | Note
-------+----------+-------------------------------------------
     0 | D:1      | dolemite99 the Gnoll Necromancer began the quest for the
                  | Orb.
     0 | D:1      | Reached XP level 1. HP: 13/13 MP: 6/6
   330 | D:1      | Reached XP level 2. HP: 19/19 MP: 3/7
   447 | D:1      | Found a faded altar of an unknown god.
   455 | D:1      | Got Plato's Octavo of the Evil Eye
  1340 | D:1      | Reached skill level 5 in Spellcasting
  1340 | D:1      | Reached XP level 3. HP: 16/25 MP: 3/9
  1729 | D:1      | Reached skill level 1 in Invocations
  2164 | D:2      | Reached skill level 1 in Fighting
  2164 | D:2      | Reached skill level 1 in Short Blades
  2164 | D:2      | Reached skill level 1 in Long Blades
  2164 | D:2      | Reached skill level 1 in Axes
  2164 | D:2      | Reached skill level 1 in Maces & Flails
  2164 | D:2      | Reached skill level 1 in Polearms
  2164 | D:2      | Reached skill level 1 in Staves
  2164 | D:2      | Reached skill level 1 in Ranged Weapons
  2164 | D:2      | Reached skill level 1 in Throwing
  2164 | D:2      | Reached skill level 1 in Armour
  2164 | D:2      | Reached skill level 1 in Shields
  2164 | D:2      | Reached skill level 1 in Unarmed Combat
  2164 | D:2      | Reached skill level 1 in Evocations
  2607 | D:2      | Learned a level 3 spell: Vampiric Draining
  2641 | D:2      | Noticed Sigmund
  2655 | D:2      | Reached XP level 4. HP: 25/32 MP: 9/11
  2671 | D:2      | Slain by Sigmund

Illustrated notes

Levels and vault maps discovered:
D:1:      dpeg_arrival_concentric_ovals, layout_loops_corners,
          shapermc_ecumenical_altar_rom_forum
D:2:      layout_rooms, uniq_sigmund

Skill      XL: |  1  2  3 |
---------------+----------+-----
Spellcasting   | 5 |  5.0
Invocations    | 1 |  1.1
Fighting       | 1 |  1.0
Short Blades   | 1 |  1.0
Long Blades    | 1 |  1.0
Axes           | 1 |  1.0
Maces & Flails | 1 |  1.0
Polearms       | 1 |  1.0
Staves         | 1 |  1.0
Ranged Weapons | 1 |  1.0
Throwing       | 1 |  1.0
Armour         | 1 |  1.0
Shields        | 1 |  1.0
Unarmed Combat | 1 |  1.0
Evocations     | 1 |  1.0
Dodging        | |  4.6
Stealth        | |  4.2
Conjurations   | |  0.8
Hexes          | |  0.8
Summonings     | |  0.8
Necromancy     | |  7.1
Translocations | |  0.8
Transmutations | |  0.8
Fire Magic     | |  0.8
Ice Magic      | |  0.8
Air Magic      | |  0.8
Earth Magic    | |  0.8
Poison Magic   | |  0.8

Action                     |  1- 3 |  4- 6 || total
---------------------------+-------+-------++-------
  Melee: Staff             |       |     1 ||     1
   Cast: Necrotise         |    67 |       ||    67
         Vampiric Draining |       |     3 ||     3
    Use: Potion            |       |     1 ||     1
 Armour: Robe              |     5 |       ||     5
  Dodge: Dodged            |    27 |       ||    27

Table legend: (Time is in decaauts)
 A = Elapsed time spent in this place.
 B = Non-inter-level travel time spent in this place.
 C = Inter-level travel time spent in this place.
 D = Time resting spent in this place.
 E = Time spent auto-exploring this place.
 F = Levels seen in this place.
 G = Mean time per level.
                   A        B        C        D        E       F      G
               +--------+--------+--------+--------+--------+-----+--------+
         Total |   2673 |   2537 |    136 |   1143 |   1015 |   2 | 1336.5 |
       Dungeon |   2673 |   2537 |    136 |   1143 |   1015 |   2 | 1336.5 |
               +--------+--------+--------+--------+--------+-----+--------+

Top non-repeatable levels by time:
     D:1: 1875 daAuts
     D:2: 798 daAuts
